 Dungeon Crawl Stone Soup version 0.29-a0-664-gff9cad4a3d (webtiles) character file.

Game seed: 14771459084638386281

109 zishaf the Skirmisher (level 4, -2/50 HPs)
             Began as an Ogre Cinder Acolyte on June 22, 2022.
             Was a High Priest of Ignis.
             Slain by a gnoll
             ... wielding a +0 halberd
              (13 damage)
             ... on level 3 of the Dungeon.
             The game lasted 00:04:02 (3258 turns).

zishaf the Skirmisher (Ogre Cinder Acolyte)         Turns: 3258, Time: 00:04:03

Health: -2/50      AC:  3    Str: 20    XL:     4   Next: 90%
Magic:  2/7        EV:  9    Int: 15    God:    Ignis [*****.]
Gold:   145        SH:  0    Dex:  4    Spells: 5/7 levels left

rFire   + . .      SeeInvis .   a - -1 mace (flame)
rCold   . . .      Faith    .   (no shield)
rNeg    . . .      Spirit   .   b - +0 robe
rPois   .          Reflect  .   (helmet restricted)
rElec   .          Harm     .   (no cloak)
rCorr   .          Rampage  .   (gloves unavailable)
Will    .....                   (boots unavailable)
Stlth   +.........              (no amulet)
HPRegen 0.16/turn               (no ring)
MPRegen 0.10/turn               (no ring)

@: no status effects
A: large, unfitting armour, tough skin 1
a: Renounce Religion, Fiery Armour, Foxfire Swarm, Rising Flame


You were on level 3 of the Dungeon.
You worshipped Ignis.
Ignis was extremely pleased with you.
You visited 1 branch of the dungeon, and saw 3 of its levels.

You collected 145 gold pieces.

Inventory:

Hand Weapons
 a - a -1 mace of flaming (weapon)
Missiles
 c - 6 javelins (quivered)
Armour
 b - a +0 robe (worn)
Scrolls
 i - a scroll of enchant weapon {unknown}
 j - a scroll of acquirement {unknown}
 k - a scroll of poison {unknown}
Potions
 d - 2 potions of curing
 e - a potion of heal wounds {unknown}
 f - a potion of berserk rage {unknown}
 g - a potion of flight {unknown}
 h - a potion of degeneration {unknown}
 l - a potion of mutation {unknown}


   Skills:
 + Level 5.1 Fighting
 + Level 3.4 Maces & Flails
 + Level 2.4 Spellcasting
 + Level 3.3 Fire Magic


You had 5 spell levels left.
You knew the following spells:

 Your Spells              Type           Power      Damage    Failure   Level
A - Scorch                Fire           24%        2d6       8%          2

Your spell library contained the following spells:

 Spells                   Type           Power      Damage    Failure   Level
 Malign Gateway           Summ/Tloc      0%         N/A       100%        7
 Summon Horrible Things   Summ           0%         N/A       100%        8


Dungeon Overview and Level Annotations

Branches:
Dungeon (3/15)

Altars:
Gozag


Innate Abilities, Weirdness & Mutations

You are too large for most types of armour.
You have tough skin. (AC +1)


Message History

Confirm with . or Enter, or press ? or * to list all spells.
You miscast Scorch.
You are very lightly contaminated with residual magic.
Nothing appears to happen.
The gnoll closely misses you.
Casting: Scorch (safe; 8% risk of failure)
Confirm with . or Enter, or press ? or * to list all spells.
Flames lash the gnoll.
The gnoll is lightly wounded.
The gnoll's fire resistance burns away.
The gnoll closely misses you.
Casting: Scorch (safe; 8% risk of failure)
Confirm with . or Enter, or press ? or * to list all spells.
Flames lash the gnoll.
The gnoll is burned terribly!
The gnoll is severely wounded.
The gnoll barely misses you.
Casting: Scorch (safe; 8% risk of failure)
Confirm with . or Enter, or press ? or * to list all spells.
You don't have enough magic to cast this spell.
The gnoll barely misses you.
You hit the gnoll but do no damage.
The gnoll is severely wounded.
The gnoll hits you with a +0 halberd!
You hit the gnoll but do no damage.
The gnoll is severely wounded.
The gnoll hits you with a +0 halberd!
You are too injured to fight recklessly!
You are too injured to fight recklessly!
You are too injured to fight recklessly!
You barely miss the gnoll.
The gnoll is severely wounded.
The gnoll completely misses you.
You hit the gnoll but do no damage.
The gnoll is severely wounded.
The gnoll hits you with a +0 halberd!
* * * LOW HITPOINT WARNING * * *
Your magical contamination has completely faded away.
You hit the gnoll but do no damage.
The gnoll is severely wounded.
The gnoll is no longer more vulnerable to fire.
The gnoll hits you with a +0 halberd!
You die...

####.....†.......#
.......##........#
....... #........#
......###...######
..........#>#####
......###.......#
###### ##......#
#...g..# #...@..#
#...<..# #......#
#......# #......#
#......# ########


You could see a gnoll.

Vanquished Creatures
  A gnoll (D:3)
  4 adders
  A worm (D:2)
  A dart slug (D:3)
  3 endoplasms
  4 giant cockroaches
  3 hobgoblins
  5 jackals
  9 kobolds
  3 quokkas
  9 ball pythons
  4 bats
  3 frilled lizards
  3 goblins
  7 rats
60 creatures vanquished.

Vanquished Creatures (others)
  5 plants (D:1)
5 creatures vanquished.

Grand Total: 65 creatures vanquished

Notes
Turn   | Place    | Note
-------+----------+-------------------------------------------
     0 | D:1      | zishaf the Ogre Cinder Acolyte began the quest for the Orb.
     0 | D:1      | Reached XP level 1. HP: 24/24 MP: 2/2
   198 | D:1      | Reached XP level 2. HP: 18/32 MP: 2/4
   201 | D:1      | Learned a level 2 spell: Scorch
   785 | D:1      | Reached XP level 3. HP: 19/40 MP: 1/5
  1675 | D:2      | Found a faded altar of an unknown god.
  1953 | D:2      | Reached XP level 4. HP: 23/49 MP: 1/7
  2894 | D:3      | Reached skill level 5 in Fighting
  3040 | D:3      | Found an opulent altar of Gozag.
  3258 | D:3      | Slain by a gnoll

Illustrated notes

Levels and vault maps discovered:
D:1:      lightli_arrival_quake, layout_basic, lexackson_kobold_supper
D:2:      layout_loops_corners, shapermc_ecumenical_altar_mp_vishouse,
          minmay_cut_off
D:3:      layout_rooms, lemuel_tele_altar, okawaru_altar_gauntlet_db,
          chequers_serial_rivers_marsh, uniq_ijyb

Skill      XL: |  1  2  3  4 |
---------------+-------------+-----
Maces & Flails | 3 |  3.4
Fire Magic     | 3 |  3.3
Spellcasting   | 2 |  2.4
Fighting       | 5 |  5.1

Action                   |  1- 3 |  4- 6 || total
-------------------------+-------+-------++-------
Melee: Mace              |    92 |    29 ||   121
       Punch             |     1 |       ||     1
 Cast: Scorch            |    22 |    23 ||    45
Invok: Fiery Armour      |     1 |       ||     1
  Use: Potion            |     1 |       ||     1
Armor: Robe              |    45 |    14 ||    59
Dodge: Dodged            |    48 |    30 ||    78

Table legend: (Time is in decaauts)
 A = Elapsed time spent in this place.
 B = Non-inter-level travel time spent in this place.
 C = Inter-level travel time spent in this place.
 D = Time resting spent in this place.
 E = Time spent auto-exploring this place.
 F = Levels seen in this place.
 G = Mean time per level.
                   A        B        C        D        E       F      G
               +--------+--------+--------+--------+--------+-----+--------+
         Total |   3289 |   3239 |     50 |    358 |   2473 |   3 | 1096.3 |
       Dungeon |   3289 |   3239 |     50 |    358 |   2473 |   3 | 1096.3 |
               +--------+--------+--------+--------+--------+-----+--------+

Top non-repeatable levels by time:
     D:2: 1520 daAuts
     D:1: 1430 daAuts
     D:3: 338 daAuts
